 Dungeon Crawl Stone Soup version 0.14.1-24-gbdbe590 (console) character file.

100802 5ubbak the Destroyer (level 16, -8/93 HPs)
             Began as a Tengu Fire Elementalist on June 17, 2014.
             Was the Champion of Vehumet.
             Mangled by a mana viper (12 damage)
             ... on Level 1 of the Snake Pit.
             The game lasted 03:48:48 (36943 turns).

5ubbak the Destroyer (Tengu Fire Elementalist)     Turns: 36943, Time: 03:48:49

HP  -8/93        AC  9     Str 11      XL: 16   Next: 23%
MP  30/35        EV 16     Int 22      God: Vehumet [******]
Gold 1894        SH 11     Dex 16      Spells:  8 memorised,  2 levels left

rFire  + . .     SeeInvis .     a - staff of air
rCold  x . .     Clarity  .     K - +3 leather armour {rPois}
rNeg   . . .     Conserve .     O - +0 buckler
rPois  +         rCorr    +     (helmet restricted)
rElec  +         rRot     .     R - +1 cloak
SustAb . .       Spirit   .     x - +0 pair of gloves
rMut   .         Warding  .     (boots unavailable)
Saprov . . .     Stasis   .     z - amulet of resist corrosion
MR     +....                    w - +3 ring of intelligence
                                i - ring of fire

@: flying, delayed fireball, constricted, quick, somewhat resistant to hostile
enchantments, fairly stealthy
A: able to fly continuously, beak, talons 3
a: Stop Flying, Renounce Religion, Release Delayed Fireball


You were on level 1 of the Snake Pit.
You worshipped Vehumet.
Vehumet was exalted by your worship.
You were not hungry.

You visited 5 branches of the dungeon, and saw 28 of its levels.
You also visited: Bailey and Ice Cave.

You collected 2156 gold pieces.
You spent 262 gold pieces at shops.

Inventory:

Hand weapons
 b - a +2,+0 flail of protection
Armour
 x - a +0 pair of gloves (worn)
 K - a +3 leather armour of poison resistance (worn)
 O - a +0 buckler (worn)
 R - a +1 cloak (worn)
Magical devices
 p - a wand of disintegration (11)
 q - a wand of polymorph (4)
 r - a wand of draining (3)
 B - a wand of hasting (3)
 C - a wand of draining (4)
 F - a wand of paralysis (10)
 J - a wand of cold (5)
 M - a wand of confusion (5)
Comestibles
 c - a bread ration
 d - 2 chokos
Scrolls
 e - 3 scrolls of identify
 f - 2 scrolls of recharging
 h - a scroll of remove curse
 l - 4 scrolls of teleportation
 m - a scroll of enchant armour
 t - a scroll of magic mapping
 H - 2 scrolls of blinking
 L - a scroll of fear
 U - a scroll of fog
Jewellery
 i - a ring of fire (left hand)
 w - a +3 ring of intelligence (right hand)
 y - an uncursed ring of teleportation
 z - an amulet of resist corrosion (around neck)
Potions
 g - 2 potions of brilliance
 n - a potion of haste
 s - 5 potions of curing
 v - a potion of invisibility
 D - a potion of lignification
 E - 2 potions of agility
 I - a potion of restore abilities
 N - 2 potions of heal wounds
 Q - 2 potions of might
Magical staves
 a - an uncursed staff of air (weapon)
 S - an uncursed staff of cold
Miscellaneous
 j - a lamp of fire (inert)
 o - a lamp of fire
 G - a fan of gales


   Skills:
 + Level 8.2 Fighting
 - Level 8.0 Maces & Flails
 * Level 8.6 Staves
 + Level 5.3 Dodging
 - Level 2.0 Stealth
 + Level 3.7 Shields
 * Level 11.5 Spellcasting
 * Level 16.1 Conjurations
 * Level 14.0 Fire Magic
 * Level 11.8 Air Magic
 - Level 4.5 Poison Magic
 + Level 8.3 Evocations


You had 2 spell levels left.
You knew the following spells:

 Your Spells              Type           Power        Failure   Level  Hunger
b - Conjure Flame         Conj/Fire      #######.     1%          3    None
c - Sticky Flame          Conj/Fire      #######.     1%          4    None
d - Mephitic Cloud        Conj/Pois/Air  ######..     1%          3    None
e - Fireball              Conj/Fire      #######...   1%          5    ###....
f - Bolt of Fire          Conj/Fire      #######...   1%          6    #####..
g - Orb of Destruction    Conj           ######....   2%          7    #######
h - Conjure Ball Lightni  Conj/Air       #######...   1%          6    #####..
i - Delayed Fireball      Conj/Fire      N/A          3%          7    #######


Dungeon Overview and Level Annotations

Branches:
Dungeon (14/15)            Temple (1/1) D:7             Orc (4/4) D:9
    Elf (0/3) Orc:3          Lair (8/8) D:9           Swamp (0/5) Lair:3
  Snake (1/5) Lair:6        Slime (0/6) Lair:6
 Vaults: D:13-14

Altars:
Ashenzari
Cheibriados
Dithmenos
Elyvilon
Fedhas
Kikubaaqudgha
Makhleb
Nemelex Xobeh
Okawaru
Sif Muna
Trog
Vehumet
Xom
Yredelemnul
Zin
The Shining One
Beogh

Shops:
D:5 [   D:6 *   D:12 (   Orc:4 ([[(

Portals:
Trove: D:13 (give +4 storm dragon armour)


Innate Abilities, Weirdness & Mutations

You can fly continuously.
You have a beak for a mouth.
You have claws for feet.


Message History

There is a staircase back to the Lair here.
You escape the anaconda's grasp.
The anaconda grabs you.
You stop ascending the stairs.
The anaconda bites you! The anaconda constricts you.
The anaconda closely misses you. The anaconda constricts you.
You block the anaconda's attack.
Unknown command.
Read which item? (? for menu, Esc to quit)
As you read the scroll of fear, it crumbles to dust.
You assume a fearsome visage.
The anaconda resists.
The naga ritualist looks frightened!
The anaconda looks frightened!
The water moccasin looks frightened!
The mana viper is unaffected.
The anaconda bites you!
* * * LOW HITPOINT WARNING * * *
x2 The anaconda constricts you.
The mana viper bites you!
* * * LOW HITPOINT WARNING * * *
You feel your power leaking away. The anaconda bites you.
* * * LOW HITPOINT WARNING * * *
x2 The anaconda constricts you.
The mana viper bites you!
You die...

# .. .# # .# .. ##.#
... ###.# #.#
##...##.# ##.
##......# #..
#S@S....##.#
#.##.......# ##. #.
##(....#####§§. (.
###..S...##..§N# ..
##.......##.§.####.
.
#.......N#.S..%/....
#..##.....)S..S..#
#.# ##....S.....##
#.....###..##


You could see 2 anacondas, a naga ritualist (fleeing) and a mana viper.

Vanquished Creatures
  A frost giant (IceCv)
  2 orc warlords (Orc:4)
  4 dire elephants (Lair:8)
  The ghost of ztt the Grappler, a powerful TrHu of Makhleb (Lair:2)
  Josephine (D:11)
  Harold (Lair:1)
  6 hydras
  Erica (Lair:1)
  An anaconda (Lair:8)
  13 death yaks
  Nergalle (Lair:4)
  Erolcha (Orc:3)
  An ice statue (IceCv)
  Pikel (D:8)
  Joseph (D:9)
  A lindwurm (shapeshifter) (D:10)
  2 hill giants
  4 oklob plants
  A wolf spider (D:13)
  6 orc knights
  3 orc sorcerers
  2 salamanders (Snake:1)
  A griffon (Lair:3)
  A cyclops (D:12)
  A manticore (D:12)
  12 elephants
  13 spiny frogs
  5 gargoyles
  3 black mambas
  A queen ant (Lair:3)
  2 item mimics
  A centaur zombie (D:11)
  2 kobold demonologists (D:13)
  9 trolls
  A spriggan druid (Lair:4)
  A fire drake (Lair:2)
  A deep elf priest (Orc:3)
  Grinder (D:3)
  8 komodo dragons
  5 wandering mushrooms (Lair:7)
  A centaur skeleton (D:12)
  18 polar bears (IceCv)
  Sonja (D:12)
  Prince Ribbit (Lair:3)
  A two-headed ogre (D:14)
  A bog body (Lair:3)
  A boulder beetle (Lair:8)
  13 blink frogs
  2 basilisks
  A grizzly bear (Lair:4)
  3 wraiths
  A shadow (D:13)
  2 humans
  8 hippogriffs
  6 sharks
  An elephant slug (Lair:8)
  2 deep elf magi
  A wyvern (D:13)
  53 yaks
  A hill giant skeleton (D:13)
  2 hungry ghosts
  Grum (D:8)
  4 wargs
  2 hill giant zombies
  A deep elf fighter (D:9)
  27 wolves
  20 soldier ants (Lair:3)
  6 necrophages
  Edmund (D:9)
  13 ugly things
  3 nagas (Lair:6)
  47 orc warriors
  A swamp worm (Lair:3)
  4 slaves
  2 mottled dragons
  12 water moccasins
  10 porcupines
  5 phantoms
  9 ogres
  6 ice beasts
  3 black bears
  4 centaurs
  5 sky beasts
  10 crocodiles
  2 giant goldfish (Lair:8)
  3 big kobolds
  A manticore skeleton (D:12)
  Duvessa (D:9)
  11 giant frogs
  12 giant slugs
  A water moccasin zombie (D:10)
  A cyclops skeleton (D:11)
  2 scorpions
  An eye of draining (D:10)
  11 killer bees
  A troll zombie (D:10)
  6 electric eels
  A troll skeleton (D:11)
  3 jellies (D:10)
  A crimson imp (D:13)
  4 goliath beetles
  Dowan (D:9)
  An elf zombie (D:8)
  13 hounds
  2 quasits (D:11)
  39 orc priests
  8 big fish
  41 orc wizards
  9 iguanas
  20 sheep
  30 worker ants
  An ogre skeleton (D:6)
  A big kobold skeleton (D:8)
  2 hound zombies
  A mummy (D:13)
  7 gnolls
  32 green rats
  A scorpion zombie (D:6)
  3 giant mites
  3 shadow imps
  29 adders
  A worker ant simulacrum (D:11)
  9 worms
  6 orc zombies
  2 adder zombies (D:8)
  An iguana zombie (D:6)
  2 giant eyeballs
  9 giant geckos
  2 oozes (D:1)
  229 orcs
  2 ball pythons
  6 giant cockroaches
  21 goblins
  15 hobgoblins
  14 jackals
  20 kobolds
  12 quokkas
  36 bats
  2 giant gecko skeletons
  5 giant newts
  2 giant spores
  3 kobold skeletons
  33 rats
  2 ballistomycetes (D:14)
  A bush (Lair:7)
  A butterfly (Lair:5)
  5 fungi
  11 plants
1197 creatures vanquished.

Vanquished Creatures (collateral kills)
  3 kobolds (D:13)
3 creatures vanquished.

Vanquished Creatures (others)
  12 ball lightnings
  An orc (D:9)
  3 fungi
  17 plants
33 creatures vanquished.

Grand Total: 1233 creatures vanquished

Notes
Turn   | Place    | Note
--------------------------------------------------------------
     0 | D:1      | 5ubbak, the Tengu Fire Elementalist, began the quest for the Orb.
     0 | D:1      | Reached XP level 1. HP: 10/10 MP: 3/3
   156 | D:1      | Reached XP level 2. HP: 15/15 MP: 3/5
   578 | D:1      | Reached XP level 3. HP: 15/19 MP: 0/7
   645 | D:1      | Learned a level 3 spell: Conjure Flame
  1161 | D:1      | Reached skill level 4 in Fire Magic
  1563 | D:2      | Reached XP level 4. HP: 24/24 MP: 3/8
  2068 | D:3      | Reached XP level 5. HP: 28/28 MP: 0/11
  2088 | D:3      | Learned a level 4 spell: Sticky Flame
  2220 | D:3      | Reached skill level 5 in Fire Magic
  2233 | D:3      | Noticed Grinder
  2250 | D:3      | Paralysed by Grinder for 7 turns
  2258 | D:3      | Paralysed by Grinder for 2 turns
  2261 | D:3      | Killed Grinder
  2261 | D:3      | Reached skill level 5 in Conjurations
  2261 | D:3      | Reached XP level 6. HP: 29/32 MP: 1/15
  2428 | D:3      | Found a basalt altar of Yredelemnul.
  2428 | D:3      | Found a blossoming altar of Fedhas.
  2814 | D:4      | Reached skill level 6 in Conjurations
  2814 | D:4      | Reached XP level 7. HP: 30/36 MP: 0/16
  3177 | D:4      | Learned a level 3 spell: Mephitic Cloud
  3325 | D:4      | Reached skill level 1 in Air Magic
  3333 | D:4      | Reached skill level 1 in Maces & Flails
  3714 | D:5      | Entered Level 5 of the Dungeon
  3877 | D:5      | Found Yqaxisaufa's Antique Armour Shop.
  3891 | D:5      | Bought a glowing robe for 14 gold pieces
  3891 | D:5      | Bought a runed leather armour for 40 gold pieces
  4199 | D:5      | Reached XP level 8. HP: 25/41 MP: 11/19
  4209 | D:5      | Reached skill level 1 in Poison Magic
  4360 | D:5      | Reached skill level 7 in Fire Magic
  4911 | D:6      | Found Frean's Assorted Antiques.
  5084 | D:6      | Paralysed by a giant eyeball for 2 turns
  5693 | D:7      | Learned a level 5 spell: Fireball
  5758 | D:7      | Found a staircase to the Ecumenical Temple.
  6023 | Temple   | Entered the Ecumenical Temple
  6071 | Temple   | Became a worshipper of Vehumet
  6232 | D:7      | Found a sparkling altar of Nemelex Xobeh.
  6301 | D:7      | Reached skill level 8 in Conjurations
  6301 | D:7      | Reached XP level 9. HP: 27/45 MP: 17/22
  6447 | D:7      | Reached skill level 5 in Spellcasting
  6522 | D:7      | Reached skill level 1 in Fighting
  6596 | D:7      | Reached skill level 1 in Evocations
  6739 | D:8      | Found a flagged portal.
  6748 | D:8      | Acquired Vehumet's first power
  6748 | D:8      | Offered knowledge of Sting by Vehumet.
  6758 | Bailey   | Entered a bailey
  6758 | Bailey   | Noticed an orc knight
  6776 | Bailey   | Noticed an orc knight
  6779 | Bailey   | Killed an orc knight
  6780 | Bailey   | Killed an orc knight
  6784 | Bailey   | Reached skill level 9 in Conjurations
  6785 | Bailey   | Noticed an orc knight
  6791 | Bailey   | Killed an orc knight
  6791 | Bailey   | Reached XP level 10. HP: 54/54 MP: 10/25
  7065 | D:8      | Found a shimmering altar of Xom.
  7594 | D:8      | Offered knowledge of Magic Dart by Vehumet.
  7867 | D:8      | Got a steaming chain mail
  7880 | D:8      | Identified the +2 chain mail of Greed {Dex-3 Int+3} (You found it on level 8 of the Dungeon)
  7955 | D:8      | Noticed Grum
  7985 | D:8      | Killed Grum
  8177 | D:9      | Noticed a hill giant
  8186 | D:9      | Killed a hill giant
  8186 | D:9      | Reached skill level 5 in Air Magic
  8237 | D:9      | Found a staircase to the Orcish Mines.
  8335 | D:9      | Found a staircase to the Lair.
  8388 | D:9      | Reached skill level 10 in Conjurations
  8389 | D:9      | Noticed Edmund
  8578 | D:9      | Noticed Pikel
  8638 | D:8      | Killed Pikel
  8789 | D:8      | Reached XP level 11. HP: 23/60 MP: 20/27
  9058 | D:9      | Noticed Joseph
  9071 | D:9      | Killed Joseph
  9071 | D:9      | Reached skill level 5 in Maces & Flails
  9114 | D:9      | Killed Edmund
  9271 | D:9      | Learned a level 6 spell: Bolt of Fire
  9448 | Lair:1   | Entered Level 1 of the Lair of Beasts
  9541 | D:9      | Noticed Dowan
  9542 | D:9      | Noticed Duvessa
  9544 | D:9      | Killed Dowan
  9544 | D:9      | Offered knowledge of Static Discharge by Vehumet.
  9544 | D:9      | Killed Duvessa
  9595 | D:9      | Found a roughly hewn altar of Beogh.
  9602 | D:9      | Acquired Vehumet's second power
 10642 | Lair:1   | Offered knowledge of Airstrike by Vehumet.
 11046 | Lair:1   | Noticed Erica
 11058 | Lair:1   | Killed Erica
 11058 | Lair:1   | Reached skill level 11 in Conjurations
 11058 | Lair:1   | Reached skill level 10 in Fire Magic
 11259 | Lair:1   | Noticed Harold
 11275 | Lair:1   | Killed Harold
 11275 | Lair:1   | Acquired Vehumet's third power
 12160 | Lair:2   | Noticed ztt's ghost (powerful TrHu)
 12272 | Lair:2   | Found a frozen archway.
 12279 | IceCv    | Entered an ice cave
 12302 | IceCv    | Offered knowledge of Fulminant Prism by Vehumet.
 12337 | IceCv    | Reached XP level 12. HP: 68/68 MP: 14/29
 12337 | IceCv    | Reached skill level 5 in Fighting
 12570 | IceCv    | Reached skill level 5 in Evocations
 12873 | IceCv    | Reached skill level 12 in Conjurations
 13338 | IceCv    | Noticed an ice statue
 13345 | IceCv    | Killed an ice statue
 13422 | IceCv    | Noticed a death yak
 13423 | IceCv    | Noticed a death yak
 13427 | IceCv    | Killed a death yak
 13431 | IceCv    | Killed a death yak
 13565 | IceCv    | Noticed a death yak
 13565 | IceCv    | Noticed a frost giant
 13571 | IceCv    | Killed a death yak
 13571 | IceCv    | Reached XP level 13. HP: 54/74 MP: 9/31
 13572 | IceCv    | Killed a frost giant
 13820 | Lair:2   | Offered knowledge of Orb of Destruction by Vehumet.
 13854 | Lair:2   | Learned a level 7 spell: Orb of Destruction
 14057 | Lair:2   | Reached skill level 13 in Conjurations
 15595 | Lair:3   | Noticed Prince Ribbit
 15603 | Lair:3   | Killed Prince Ribbit
 15795 | Lair:3   | Offered knowledge of Venom Bolt by Vehumet.
 16306 | Lair:3   | Found a staircase to the Swamp.
 16414 | Lair:3   | Reached skill level 10 in Spellcasting
 16784 | Lair:4   | Noticed Nergalle
 17593 | Lair:4   | Killed Nergalle
 18249 | Lair:4   | Reached XP level 14. HP: 75/80 MP: 16/33
 18894 | Lair:5   | Reached skill level 14 in Conjurations
 19327 | Lair:5   | Offered knowledge of Conjure Ball Lightning by Vehumet.
 20487 | Lair:6   | Found a staircase to the Snake Pit.
 20505 | Lair:6   | Reached skill level 1 in Staves
 20641 | Lair:6   | Found a staircase to the Slime Pits.
 21834 | Lair:7   | Learned a level 6 spell: Conjure Ball Lightning
 22383 | Lair:7   | Got a blackened spear
 22384 | Lair:7   | Identified the cursed +2,-2 spear of the Runes {elec, rElec MR+ Str-3} (You found it on level 7 of the Lair of Beasts)
 22963 | Orc:1    | Entered Level 1 of the Orcish Mines
 23327 | Orc:2    | Found a bloodstained altar of Trog.
 24088 | Orc:3    | Found a staircase to the Elven Halls.
 24091 | Orc:3    | Offered knowledge of Bolt of Magma by Vehumet.
 24794 | Orc:4    | Entered Level 4 of the Orcish Mines
 24794 | Orc:4    | Noticed an orc warlord
 25185 | Orc:4    | HP: 2/82 [warg (12)]
 25489 | Orc:4    | Killed an orc warlord
 25489 | Orc:4    | Reached skill level 10 in Air Magic
 25973 | Orc:4    | Offered knowledge of Poison Arrow by Vehumet.
 26969 | Orc:4    | Found a roughly hewn altar of Beogh.
 26970 | Orc:4    | Found Zilidimo's Armour Shoppe.
 27314 | Orc:4    | Found a roughly hewn altar of Beogh.
 27356 | Orc:3    | Noticed Erolcha
 27362 | Orc:3    | Killed Erolcha
 27362 | Orc:3    | Reached skill level 5 in Staves
 27891 | Orc:4    | Found a roughly hewn altar of Beogh.
 27935 | Orc:4    | Found a roughly hewn altar of Beogh.
 27942 | Orc:4    | Found Awarrung's Weapon Shoppe.
 27944 | Orc:4    | Offered knowledge of Spellforged Servitor by Vehumet.
 28291 | Orc:4    | Noticed an orc warlord
 28665 | Orc:4    | Reached XP level 15. HP: 83/87 MP: 28/34
 28854 | Orc:4    | Killed an orc warlord
 28869 | Orc:4    | Found a roughly hewn altar of Beogh.
 28874 | Orc:4    | Found Maiplel's Antique Armour Shop.
 28876 | Orc:4    | Found Destus' Antique Weapon Boutique.
 28895 | Orc:4    | Bought a glowing leather armour for 64 gold pieces
 28942 | Orc:4    | Bought a buckler for 144 gold pieces
 29272 | Lair:7   | Reached skill level 15 in Conjurations
 29370 | Lair:7   | Reached skill level 1 in Shields
 29592 | Lair:8   | Entered Level 8 of the Lair of Beasts
 30701 | Lair:8   | Offered knowledge of Delayed Fireball by Vehumet.
 30716 | Lair:8   | Learned a level 7 spell: Delayed Fireball
 32188 | Lair:2   | Killed ztt's ghost
 32315 | D:10     | Entered Level 10 of the Dungeon
 32507 | D:10     | Paralysed by a giant eyeball for 2 turns
 33222 | D:11     | Offered knowledge of Fire Storm by Vehumet.
 33222 | D:11     | Offered knowledge of Chain Lightning by Vehumet.
 33222 | D:11     | Offered knowledge of Tornado by Vehumet.
 33223 | D:11     | Noticed Josephine
 33230 | D:11     | Killed Josephine
 34138 | D:12     | Found Wuasur's Weapon Shoppe.
 34208 | D:12     | Reached skill level 5 in Dodging
 34317 | D:12     | Noticed Sonja
 34319 | D:12     | Killed Sonja
 34748 | D:12     | Reached XP level 16. HP: 93/93 MP: 26/35
 35130 | D:13     | Found a portal to a secret trove of treasure.
 35629 | D:13     | Reached skill level 16 in Conjurations
 36745 | Snake:1  | Entered Level 1 of the Snake Pit
 36943 | Snake:1  | HP: 4/93 [anaconda (2)]
 36943 | Snake:1  | Mangled by a mana viper

Action                   |  1- 3 |  4- 6 |  7- 9 | 10-12 | 13-15 | 16-18 || total
-------------------------+-------+-------+-------+-------+-------+-------++-------
Melee: Unarmed           |    21 |       |       |       |       |       ||    21
       Mace              |       |     2 |    75 |     2 |       |       ||    79
       Flail             |       |       |       |    97 |   168 |       ||   265
       Staff             |       |       |       |       |   636 |    54 ||   690
 Cast: Flame Tongue      |    68 |    78 |   210 |   267 |    67 |       ||   690
       Conjure Flame     |       |     3 |     8 |     3 |    17 |     3 ||    34
       Sticky Flame      |       |     1 |     6 |    38 |    91 |    12 ||   148
       Mephitic Cloud    |       |       |    11 |    21 |     6 |     2 ||    40
       Fireball          |       |       |       |    29 |   223 |    29 ||   281
       Bolt of Fire      |       |       |       |    29 |   192 |    12 ||   233
       Orb of Destructio |       |       |       |       |    21 |     9 ||    30
       Conjure Ball Ligh |       |       |       |       |     4 |     1 ||     5
       Delayed Fireball  |       |       |       |       |     1 |       ||     1
 Abil: Fly               |       |       |       |     9 |    16 |       ||    25
Evoke: Wand              |       |       |     2 |     3 |    12 |     1 ||    18
       Lamp of fire      |       |       |       |       |       |     1 ||     1
  Use: Scroll            |       |       |     3 |    11 |    21 |     4 ||    39
       Potion            |       |       |     1 |       |     2 |       ||     3
 Stab: Confused          |       |       |     1 |     3 |     2 |       ||     6
       Sleeping          |       |       |       |       |     3 |     1 ||     4
       Distracted        |       |       |       |       |     2 |       ||     2
